Unix xNetHack Version 8.0.0 - last build Mar 23 2024 02:42:02 (1964348d4f5f1cf1067ea9968e02252fcc83c468). Game began 2024-04-26 13:23:15, ended 2024-04-26 14:19:08. Okoto, lawful female human Valkyrie --------- ----- ---- ------- --.......------ ---).<| .. |.....| |..--.........|---.....| -.--+--- |..@..| |..|---------.|)..)|..- |.-|...| ---- --- |.....| ---- ----..%.)-|.- ---..-|--| ----..| ------.+ ---|--- ----- ---|...))))..| -+--........--+-.....-|---......| |.| --...----..|..).|.---- |................--........----.| |.| |.....|....|..----- --..--)--------..|-.......-- -.| --.---. |..........|..| - |*........|--|....{...| |.| ----...... |...---......-- |)!!!!(?]]| |.......-- |.| |......... |...|........| ----------- |--....--- |.| |...---... ------....---- ----- |....|...| -.|...---..|...- --...|-...--- |((*.|-...---..| ..|....-|.....-- ---..|........ |(((.-... |....| ........|-..-----+---|-[............ |(((.|-...|...-| ....G...|.......[.).....----....{... ----- |........| .........---------.--+-- --........ |....|...| -.......-- |((( |.| |......... --...|..-- ---...- |(((.-.| -------.. ---- |((].--- ----- Okoto the Skirmisher St:14 Dx:12 Co:18 In:8 Wi:8 Ch:10 Lawful S:5347 Dlvl:7 $:3749 HP:0(53) Pw:15(15) AC:-4 Xp:5/317 T:3328 Burdened Blind Conf Latest messages: You are now wearing an Uruk-hai shield. You were wearing an uncursed +0 Uruk-hai shield {50}. You are now wearing a small shield. You hear someone cursing shoplifters. A scroll of teleportation lands on the altar. You have a little trouble lifting r - an uncursed scroll of teleportation {5}. You see here a +1 pair of dwarvish boots. Okoto's ghost fades from view. Wait! There's something there you can't see! It misses! You see here a +1 pair of dwarvish boots. It misses! A ghost appears out of nowhere! You are frightened to death, and unable to move. Okoto's ghost misses! You regain your composure. You already found a monster. Use 'm' prefix to force another search. The vial crashes on your head and breaks into shards. The pink potion evaporates. It suddenly gets dark. You feel an unseen monster! It is hit. It is hit. You feel an unseen monster! It misses! You feel an unseen monster! It misses. It misses. It misses! Wait! There's something there you can't see! It gets angry! Loki's voice booms: "How darest thou harm my servant!" Your arm tingles. The bolt of lightning hits it. It just misses! Something casts a spell at you! Your feet are frozen to the altar! It smacks you! It kicks! It strikes you! It just misses! Something casts a spell at you! You feel confused! It pounds you! You die... Do you want your possessions identified? [ynq] (y) y Do you want to see your attributes? [ynq] (y) n Do you want an account of creatures vanquished? [ynaq] (y) n Do you want to see your conduct and achievements? [ynq] (y) n Do you want to see the dungeon overview? [ynq] (y) n Inventory: Inventory: 909/850 weight (50/52 slots) Coins $ - 3749 gold pieces {37} Weapons K - 7 cursed +0 darts {7} t - 7 cursed -1 darts {7} a - a +1 spear (weapon in hand) {30} N - a cursed +1 spear {30} Armor P - an uncursed +0 dwarvish helm (being worn) {30} h - an uncursed +2 pair of dwarvish boots (being worn) {38} c - a blessed +3 small shield (being worn) {23} i - an uncursed +0 Uruk-hai shield {50} j - an uncursed +0 Uruk-hai shield {50} n - an uncursed burnt +0 plastic cloak of protection (being worn) {15} J - an uncursed +0 dwarvish cloak {10} R - an uncursed +0 cloth light armor (being worn) {75} Comestibles p - an uncursed slime mold {5} d - an uncursed food ration {20} Q - a cursed food ration {20} U - a cursed partly eaten food ration {10} C - an uncursed tin of boiled gecko meat {10} o - an uncursed lichen corpse {20} V - 3 cursed lichen corpses {60} Scrolls w - a blessed scroll of enchant weapon {5} G - 2 uncursed scrolls of enchant weapon {10} F - a cursed scroll of genocide {5} Y - a cursed scroll of identify {5} e - a cursed scroll of magic mapping {5} m - a cursed scroll of remove curse {5} f - an uncursed scroll of scare monster {5} r - an uncursed scroll of teleportation {5} D - a cursed scroll of teleportation {5} Spellbooks E - an uncursed spellbook of extra healing {45} q - an uncursed spellbook of knock {35} Potions B - an uncursed potion of blindness {20} u - an uncursed potion of booze {20} v - a cursed potion of booze {20} A - an uncursed potion of fruit juice {20} y - an uncursed potion of gain ability {20} H - an uncursed potion of gain energy {20} X - a blessed potion of healing {20} g - a blessed potion of object detection {20} S - an uncursed potion of oil {20} Rings z - a cursed +2 ring of gain constitution {3} k - a cursed ring of searching {3} Wands L - a wand of light (0:14) {7} l - a cursed wand of magic missile (0:0) {7} Tools b - an empty uncursed sack {15} W - an uncursed blindfold {2} T - an uncursed lock pick {4} Z - a cursed lock pick {4} s - a magic marker (0:83) {2} x - an uncursed pea whistle {3} Gems/Stones M - 2 uncursed jasper stones {2} Okoto the Valkyrie's attributes: Background: You were a Skirmisher, a level 5 human Valkyrie. You were lawful, on a mission for Tyr who was opposed by Odin (neutral) and Loki (chaotic). You were heterosexual. You were in the Gnomish Mines, on level 7. You entered the dungeon 3328 turns ago. You had 317 experience points, 3 more were needed to attain level 6. Your score was 5347 before end-of-game adjustments. Basics: You had 0 out of 53 hit points. You had all 15 energy points (spell power). Your armor class was -4. Your wallet contained 3749 zorkmids. Autopickup was off. Final Characteristics: Your strength was 14 (peak:18, limit:18/100). Your dexterity was 12 (limit:18). Your constitution was 18 (limit:18). Your intelligence was 8 (limit:18). Your wisdom was 8 (peak:9, limit:18). Your charisma was 10 (limit:18). Final Status: You were confused. You were temporarily blind. You were not hungry. You were burdened; movement was slightly slowed. You were wielding a spear. You had basic skill with spear and could have enhanced that. Final Attributes: You were piously aligned. You were cold resistant. You were stealthy. You were protected. You are dead. Miscellaneous: You encountered 1 bones level. Total elapsed playing time was 55 minutes and 52 seconds. Major events: Turn 1: Okoto the lawful human Valkyrie entered the dungeon 428: attained the rank of Skirmisher (level 3) 1541: entered the Gnomish Mines 2906: reached Mine Town 3328: killed by a priestess of Loki, while paralyzed Vanquished creatures: an iron piercer a dwarf leader 2 Uruk-hai 2 gnome leaders a kitten 3 dwarves 2 hill orcs a centipede a wererat an acid blob a giant rat 3 yellow molds 21 gnomes 2 geckos 5 jackals 4 goblins 2 bats 2 lichens 3 newts 58 creatures vanquished. No species were genocided or became extinct. Voluntary challenges: You read items or engraved 3 times. You never genocided any monsters. You never polymorphed an object. You never changed form. You never touched an artifact. You used no wishes. You never scared an enemy with impunity. You were celibate. You never generated conflict. Achievements: You attained the rank of Skirmisher. You entered a shop. You entered the Gnomish Mines. You entered Minetown. You entered a temple. Dungeon overview: The Dungeons of Doom: levels 1 to 5 Level 1: A fountain. Level 2: An armor shop, some fountains. Level 3: Level 4: An armor shop, a fountain. Stairs down to The Gnomish Mines. Level 5: A fountain. The Gnomish Mines: levels 5 to 7 Level 5: Level 6: Level 7: <- You were here. Some shops, a temple, some fountains, a grave. Final resting place for you, killed by a priestess of Loki, while paralyzed, Okoto-Val-Hum-Fem-Law, killed by a gnome. Game over: __________ / \ / REST \ / IN \ / PEACE \ / \ | Okoto | | 3749 Au | | killed by a | | priestess of | | Loki | | | | 2024 | *| * * * | * _________)/\\_//(\/(/\)/\//\/|_)_______ Farvel Okoto the Valkyrie... You died in The Gnomish Mines on dungeon level 7 with 4973 points, and 3749 pieces of gold, after 3328 moves. You were level 5 with a maximum of 53 hit points when you died.